 Dungeon Crawl Stone Soup version 0.17-a0-1481-gfdcec5c (webtiles) character file.

169 mrath the Skirmisher (level 5, -8/53 HPs)
             Began as a Troll Fighter on July 4, 2015.
             Mangled by an ogre
             ... wielding a +0 giant spiked club
              (21 damage)
             ... on level 3 of the Dungeon.
             The game lasted 00:29:31 (2422 turns).

mrath the Skirmisher (Troll Fighter)                Turns: 2422, Time: 00:29:31

Health: -8/53      AC:  5    Str: 25    XL:     5   Next: 25%
Magic:  4/4        EV:  8    Int:  4    God:
Gold:   162        SH: 10    Dex:  9    Spells: 0 memorised, 4 levels left

rFire  . . .     SeeInvis .       - Unarmed
rCold  . . .     Clarity  .     a - +0 robe
rNeg   . . .     SustAt   .     b - +1 shield
rPois  .         Gourm    +     (helmet restricted)
rElec  .         Spirit   .     (no cloak)
rCorr  .         Warding  .     (gloves unavailable)
rMut   +         Stasis   .     (boots unavailable)
MR     .....                    l - amulet of resist mutation
Stlth  +.........               (no ring)
                                (no ring)

@: not resistant to hostile enchantments, very unstealthy
A: unfitting armour, claws 3, fast metabolism 3, gourmand, regeneration 2,
shaggy fur 1, tough skin 2
a: no special abilities


You were on level 3 of the Dungeon.
You were not hungry.

You visited 1 branch of the dungeon, and saw 3 of its levels.

You collected 162 gold pieces.

Inventory:

Hand weapons
 f - a +0 broad axe
Missiles
 e - 78 arrows
 i - 45 sling bullets
 j - 44 stones (quivered)
 m - 18 poisoned needles
Armour
 a - a +0 robe (worn)
 b - a +1 shield (worn)
 k - a cursed +0 robe
Jewellery
 l - an amulet of resist mutation (around neck)
Scrolls
 g - a scroll of remove curse
Potions
 c - a potion of might
 h - a potion of invisibility {unknown}
 q - a potion of curing
 t - 2 potions of resistance {unknown}
Comestibles
 d - 3 bread rations
 n - a meat ration
 o - 4 fruits
 r - 3 chunks of flesh


   Skills:
 + Level 3.0 Fighting
 + Level 2.0 Throwing
 + Level 3.0 Dodging
 + Level 0.5 Stealth
 + Level 3.0 Shields
 + Level 2.7 Unarmed Combat


You had 4 spell levels left.
You didn't know any spells.

Dungeon Overview and Level Annotations

Branches:
Dungeon (3/15)

Altars:


Innate Abilities, Weirdness & Mutations

You are too large for most types of armour.
You have claws for hands.
Your metabolism is lightning-fast.
You like to eat raw meat.
You heal very quickly.
You are covered in fur (AC +1).
You have very tough skin (AC +2).


Message History

You block the ogre's attack.
You completely miss the ogre.
The ogre is moderately wounded.
You completely miss the ogre.
The ogre is moderately wounded.
The ogre closely misses you.
You scratch the ogre.
The ogre begins to bleed from its wounds!
The ogre is heavily wounded.
The ogre hits you with a giant spiked club!
You barely miss the ogre.
The ogre is heavily wounded.
You barely miss the ogre.
The ogre is heavily wounded.
The ogre hits you with a giant spiked club!
* * * LOW HITPOINT WARNING * * *
Drink which item? (? for menu, Esc to quit)
It was a potion of curing.
You feel better.
The ogre hits you with a giant spiked club!!
You die...

..###.## #.#.##
8.. .....# #.#.#.
..( #..####.#.#.
#(# #...........
.(# ##.#######..
#(# #.# #.. #(#
#.# #.. #O# #.#
#.. #@#
#.#######..
#.######..........
#.............###.
#############.# ..
#


You could see an ogre (bleeding).

Vanquished Creatures
  An orc wizard (D:3)
  Natasha (D:3)
  3 adders
  3 oozes (D:2)
  4 orcs (D:3)
  6 bats
  6 giant cockroaches
  9 goblins
  9 hobgoblins
  2 jackals (D:2)
  8 kobolds
  A quokka (D:2)
  2 ball pythons
  2 giant geckos
  A giant newt (D:2)
  9 rats
67 creatures vanquished.

Notes
Turn   | Place    | Note
--------------------------------------------------------------
     0 | D:1      | mrath the Troll Fighter began the quest for the Orb.
     0 | D:1      | Reached XP level 1. HP: 22/22 MP: 0/0
   226 | D:1      | Reached XP level 2. HP: 27/29 MP: 1/1
   937 | D:2      | Reached XP level 3. HP: 36/36 MP: 2/2
  1219 | D:2      | Reached skill level 1 in Throwing
  1545 | D:2      | Reached XP level 4. HP: 44/44 MP: 3/3
  1942 | D:3      | Reached skill level 3 in Fighting
  2051 | D:3      | Reached XP level 5. HP: 53/53 MP: 4/4
  2301 | D:3      | Noticed Natasha
  2315 | D:3      | Killed Natasha
  2409 | D:3      | Noticed an ogre
  2422 | D:3      | Mangled by an ogre

Vault maps used:
D:1:      dpeg_arrival_line_fractal
D:2:      forest_paths, minivault_25
D:3:      ecumenical_altar_2, fountainhead, uniq_natasha, uniq_sigmund

Action                   |  1- 3 |  4- 6 || total
-------------------------+-------+-------++-------
Melee: Unarmed           |   105 |    79 ||   184
Throw: Stone             |    74 |    53 ||   127
       Tomahawk          |       |     2 ||     2
  Use: Scroll            |     5 |     3 ||     8
       Potion            |       |     1 ||     1
 Stab: Sleeping          |     1 |       ||     1
  Eat: Chunk             |     5 |     9 ||    14
       Pizza             |     1 |       ||     1
       Bread ration      |     1 |       ||     1
